Map: Stargazers

Players

gumiho - Winner!

  • Race: Terran Terran
  • Spawn Location: 1:00

SKillous

  • Race: Protoss Protoss
  • League: Grandmaster
  • Spawn Location: 11:00

Event: HomeStory Cup XXII

VOD

Have the link to the VOD?

Description

Time

  • Played on: Dec. 17, 2022, 4:01 p.m.
  • Length: 10:40

All games in this series

Show
View Real Time Build Order
Export as new Build Order

gumiho Terran - Winner!

Build Orders: Reaper Expand 

Get SALT Encoding   

  12  0:00  SCV  
  13  0:12  SCV  
  14  0:16  Supply Depot  
  14  0:24  SCV  
  15  0:38  SCV  
  15  0:41  Barracks  
  16  0:43  Refinery  
  16  0:50  SCV  
  17  1:02  SCV  
  18  1:14  SCV  
  19  1:27  Orbital Command  
  19  1:28  Reaper  
  20  1:39  Command Center  
  20  1:48  Supply Depot  
  20  1:52  SCV  
  21  1:59  Marine  
  22  2:04  SCV  
  22  2:05  Factory  
  23  2:10  Refinery  
  23  2:16  SCV  
  23  2:17  Marine  
  25  2:25  Barracks  
  25  2:28  SCV  
  26  2:35  Barracks Reactor  
  26  2:41  SCV  
  27  2:52  Orbital Command, Starport  
  27  2:53  SCV  
  27  2:57  Widow Mine  
  30  3:03  Orbital Command  
  30  3:05  SCV  
  31  3:12  Marine x2  
  31  3:13  Barracks Tech Lab  
  31  3:17  SCV  
  31  3:19  Widow Mine  
  36  3:23  Supply Depot  
  36  3:29  SCV  
  36  3:30  Marine x2  
  39  3:34  Medivac  
  39  3:39  Stimpack  
  39  3:41  SCV  
  42  3:42  SCV  
  42  3:46  Supply Depot  
  43  3:50  Factory Tech Lab  
  43  3:51  Marine x2  
  45  3:55  SCV  
  45  3:56  SCV  
  47  4:04  Marine  
  47  4:05  Supply Depot  
  47  4:08  SCV, Siege Tank  
  52  4:10  SCV  
  52  4:16  Refinery, Marine  
  54  4:18  Marine  
  54  4:20  SCV  
  54  4:22  Marine  
  54  4:23  SCV  
  58  4:25  Supply Depot  
  58  4:29  Medivac  
  60  4:33  SCV  
  60  4:35  SCV  
  62  4:43  Marine x3  
  65  4:47  Siege Tank  
  69  4:52  SCV  
  69  4:53  SCV  
  66  5:00  Starport Reactor  
  66  5:01  Marine x3  
  66  5:04  SCV  
  66  5:05  Supply Depot, SCV  
  69  5:13  Command Center  
  69  5:19  SCV, Siege Tank  
  69  5:20  SCV  
  74  5:22  Marine x2  
  76  5:29  Combat Shield, Marine  
  76  5:32  SCV x2, Refinery  
  79  5:39  Marine  
  79  5:40  Marine  
  80  5:44  SCV x2  
  80  5:46  Marine  
  76  5:57  Marine x2  
  76  5:58  Barracks  
  76  5:59  Barracks  
  76  6:04  Marine  
  73  6:15  Marine x2  
  73  6:16  SCV  
  69  6:22  Marine  
  69  6:24  Siege Tank  
  68  6:30  Engineering Bay  
  68  6:31  Engineering Bay  
  68  6:32  SCV x2  
  68  6:33  Marine x2  
  68  6:34  Medivac x2  
  74  6:42  Marine  
  74  6:44  SCV x2  
  77  6:51  Marine x2  
  77  6:52  Barracks Reactor, Barracks Tech Lab  
  79  6:56  SCV x2  
  79  6:57  Barracks  
  79  6:58  Barracks  
  79  7:00  Orbital Command  
  81  7:07  Marine  
  81  7:08  SCV x2  
  84  7:09  Marine  
  84  7:12  Marine x2  
  84  7:13  Concussive Shells  
  87  7:16  Terran Infantry Weapons Level 1  
  87  7:20  SCV x2, Terran Infantry Armor Level 1  
  89  7:24  Supply Depot  
  89  7:25  Marine  
  89  7:26  Supply Depot, SCV, Refinery  
  91  7:32  SCV x2  
  91  7:34  Marauder, Marine x3  
  91  7:35  Marine  
  99  7:41  Widow Mine  
  92  7:46  Marine  
  92  7:47  Marauder, Marine  
  95  7:52  Marine x3  
  95  7:53  Marine  
  95  7:56  Marauder  
  95  8:03  Widow Mine  
  95  8:04  Marine x2  
  89  8:08  Marine  
  89  8:10  Marine x3  
  89  8:11  Marine  
  90  8:17  Marauder  
  83  8:22  Marine x2  
  83  8:26  Marauder  
  77  8:28  Marine x3  
  77  8:31  Marine  
  77  8:38  Marauder  
  77  8:40  Marine x2  
  75  8:41  Orbital Command  
  75  8:45  Marine  
  75  8:46  Marine x2  
  67  8:49  Medivac  
  67  8:50  Medivac  
  63  8:56  SCV, Marine  
  63  8:57  Marine  
  63  9:02  SCV  
  67  9:08  SCV  
  68  9:10  Marine  
  68  9:12  Marine  
  68  9:13  Marine  
  68  9:14  SCV  
  72  9:18  SCV  
  72  9:19  Marine x2  
  72  9:22  Marine  
  76  9:25  Marine  
  76  9:26  Marine  
  76  9:27  Widow Mine  
  74  9:35  Marine x3  
  74  9:37  Marine x2  
  75  9:39  SCV  
  75  9:40  SCV  
  75  9:41  SCV  
  75  9:43  Marauder  
  75  9:44  Medivac  
  78  9:58  Marine x2  
  78  9:59  Marine  
  72  10:00  Marine x4  
  72  10:04  Marine  
  71  10:16  Marine x2  
  71  10:17  Marine  
  71  10:18  Marine x4  
  75  10:22  Marine  
Show
View Real Time Build Order
Export as new Build Order

SKillous Protoss 

Build Orders: 1 Gate Expand, Blink Stalkers 

Get SALT Encoding   

  12  0:00  Probe  
  13  0:12  Probe  
  14  0:17  Pylon  
  14  0:24  Probe  
  15  0:35  Gateway  
  15  0:37  Probe (Chrono Boost)  
  16  0:46  Probe (Chrono Boost), Assimilator  
  17  0:51  Probe (Chrono Boost)  
  18  1:03  Probe  
  19  1:15  Probe  
  20  1:22  Cybernetics Core  
  20  1:32  Nexus  
  20  1:38  Pylon  
  20  1:41  Probe  
  20  1:46  Assimilator  
  21  1:53  Probe  
  22  1:56  Adept (Chrono Boost)  
  22  1:59  Warp Gate  
  24  2:05  Probe  
  25  2:17  Probe  
  25  2:19  Adept  
  28  2:23  Twilight Council  
  28  2:29  Probe  
  30  2:44  Probe (Chrono Boost)  
  30  2:45  Probe (Chrono Boost)  
  30  2:52  Blink (Chrono Boost)  
  30  2:55  Probe (Chrono Boost)  
  30  2:57  Probe (Chrono Boost)  
  32  3:00  Probe (Chrono Boost)  
  33  3:06  Probe  
  33  3:08  Gateway  
  33  3:10  Probe  
  35  3:18  Probe  
  35  3:19  Robotics Facility  
  36  3:22  Probe  
  37  3:30  Probe  
  38  3:34  Probe  
  39  3:42  Probe  
  39  3:43  Pylon  
  39  3:47  Probe, Stalker  
  43  3:52  Nexus  
  43  3:54  Probe  
  44  3:59  Probe  
  44  4:02  Stalker  
  47  4:06  Observer, Probe  
  47  4:09  Pylon  
  49  4:11  Probe, Stalker  
  49  4:16  Assimilator  
  52  4:17  Shield Battery  
  52  4:21  Probe  
  53  4:26  Probe  
  53  4:27  Pylon  
  53  4:29  Stalker  
  53  4:30  Observer  
  57  4:34  Probe  
  58  4:39  Charge  
  58  4:41  Probe  
  59  4:49  Probe  
  60  4:53  Probe (Chrono Boost)  
  61  5:02  Stalker x2  
  61  5:05  Probe (Chrono Boost)  
  61  5:06  Gateway  
  61  5:07  Gateway, Probe (Chrono Boost)  
  67  5:12  Probe (Chrono Boost)  
  67  5:13  Probe (Chrono Boost)  
  70  5:14  Probe (Chrono Boost)  
  70  5:17  Forge  
  70  5:20  Probe  
  71  5:22  Probe  
  71  5:25  Probe  
  71  5:26  Sentry, Stalker  
  77  5:32  Probe  
  77  5:34  Probe  
  79  5:37  Probe  
  80  5:44  Probe  
  80  5:46  Probe, Gateway  
  80  5:47  Gateway  
  80  5:49  Pylon  
  75  5:50  Pylon  
  75  5:52  Stalker  
  75  5:57  Probe  
  75  6:02  Probe  
  66  6:09  Stalker x2  
  66  6:11  Probe x2  
  59  6:22  Pylon  
  57  6:36  Gateway x2  
  57  6:38  Warp Prism (Chrono Boost)  
  55  6:40  Sentry  
  55  6:42  Zealot x2  
  55  6:43  Zealot  
  61  6:49  Sentry  
  63  7:00  Probe x2  
  63  7:01  Probe  
  66  7:02  Stalker  
  66  7:03  Stalker x2  
  72  7:12  Zealot x3  
  78  7:20  Pylon  
  78  7:30  Zealot x3  
  84  7:40  Immortal (Chrono Boost)  
  82  7:46  Zealot x5  
  82  7:48  Pylon  
  80  8:08  Probe  
  80  8:09  Probe  
  82  8:12  Zealot  
  82  8:13  Zealot x5  
  74  8:29  Zealot x2  
  70  8:34  Zealot x6  
  76  8:44  Observer  
  76  8:46  Observer, Warp Prism  
  76  8:48  Protoss Ground Weapons Level 1 (Chrono Boost)  
  58  9:01  Sentry  
  58  9:02  Sentry, Stalker x3  
  68  9:03  Sentry  
  68  9:07  Sentry x2  
  74  9:22  Stalker  
  76  9:25  Pylon  
  74  9:36  Zealot x5  
  78  9:56  Zealot x5  
  66  10:16  Zealot x5  
Tags
 
Add a new tag
Caveats
  • Supply blocks, unpowered buildings, or Contaminate may cause inaccurate times.
  • Supply counts are checked every 10 seconds.